 Dungeon Crawl Stone Soup version 0.29-a0-550-g81e455f4c2 (webtiles) character file.

Game seed: 2946531105009551833

10096 Essalna the Fighter (level 11, -11/112 HPs)
             Began as a Purple Draconian Transmuter on June 5, 2022.
             Was a Follower of Elyvilon.
             Killed from afar by an oklob plant (19 damage)
             ... with a splash of acid
             ... on level 1 of the Lair of Beasts.
             The game lasted 00:22:36 (12540 turns).

Essalna the Fighter (Purple Draconian Transmuter)  Turns: 12540, Time: 00:22:37

Health: -11/112    AC: -7    Str: 12    XL:     11   Next: 31%
Magic:  0/17       EV: 16    Int: 17    God:    Elyvilon [*.....]
Gold:   481        SH:  0    Dex: 13    Spells: 7/18 levels left

rFire   x . .      SeeInvis .     - Unarmed
rCold   + + +      Faith    .   (shield currently unavailable)
rNeg    . . .      Spirit   +   (body armour unavailable)
rPois   +          Reflect  .   (helmet currently unavailable)
rElec   .          Harm     .   (cloak currently unavailable)
rCorr   .          Rampage  .   (gloves currently unavailable)
Will    +....                   (boots currently unavailable)
Stlth   +.........              e - amulet of guardian spirit
HPRegen 0.28/turn               J - ring of wizardry
MPRegen 0.15/turn               h - +4 ring of evasion

@: ice-form, corroded
A: freezing attack, amphibious, boosted hp, (breathe power), AC +7, large,
unfitting armour, (cold-blooded)
a: End Transformation, Renounce Religion, Purification


You were on level 1 of the Lair of Beasts.
You worshipped Elyvilon.
Elyvilon was aware of your devotion.
You were a creature of crystalline ice.
You visited 3 branches of the dungeon, and saw 10 of its levels.

You collected 481 gold pieces.

Inventory:

Armour
 i - a +2 pair of gloves (melded)
 D - a +0 pair of boots (melded)
Magical Staves
 m - a staff of poison
 u - a staff of poison
Jewellery
 e - an amulet of guardian spirit (around neck)
 g - a ring of magical power
 h - a +4 ring of evasion (right front paw)
 j - an amulet of the acrobat
 k - an amulet of magic regeneration
 l - a ring of see invisible
 p - a ring of ice
 A - a ring of willpower
 C - a +6 ring of strength
 G - a ring of poison resistance
 J - a ring of wizardry (left front paw)
Wands
 q - a wand of flame (9)
 F - a wand of iceblast (7)
Scrolls
 b - 3 scrolls of fog
 d - a scroll of immolation
 r - a scroll of brand weapon {unknown}
 s - 2 scrolls of enchant weapon {unknown}
 t - 7 scrolls of identify {unknown}
 v - 3 scrolls of torment {unknown}
 y - a scroll of fear {unknown}
 z - 2 scrolls of amnesia {unknown}
 E - a scroll of acquirement {unknown}
Potions
 a - 2 potions of lignification
 c - a potion of magic {unknown}
 f - 5 potions of attraction {unknown}
 n - 4 potions of curing {unknown}
 o - 4 potions of haste {unknown}
 w - 3 potions of ambrosia {unknown}
 x - 2 potions of mutation {unknown}
 B - 2 potions of brilliance {unknown}
 H - a potion of berserk rage {unknown}
 I - a potion of resistance {unknown}
 K - a potion of degeneration {unknown}


   Skills:
 + Level 8.2 Fighting
 + Level 6.9 Dodging
 + Level 8.1 Unarmed Combat
 - Level 4.0 Spellcasting
 + Level 7.7 Transmutations
 + Level 6.5 Ice Magic
 - Level 7.0 Poison Magic


You had 7 spell levels left.
You knew the following spells:

 Your Spells              Type           Power      Damage    Failure   Level
a - Beastly Appendage     Tmut           58%        N/A       1%          1
b - Spider Form           Tmut/Pois      28%        N/A       1%          3
c - Ice Form              Ice/Tmut       27%        N/A       3%          4
d - Ozocubu's Armour      Ice            25%        N/A       1%          3

Your spell library contained the following spells:

 Spells                   Type           Power      Damage    Failure   Level
 Wereblood                Tmut           29%        N/A       1%          2
 Ignite Poison            Fire/Tmut/Pois 20%        N/A       2%          3
 Foxfire                  Conj/Fire      12%        2x1d4     6%          1
 Mephitic Cloud           Conj/Pois/Air  11%        N/A       8%          3
 Static Discharge         Conj/Air       3%         N/A       10%         2
 Conjure Flame            Conj/Fire      3%         6-21      19%         3
 Inner Flame              Hex/Fire       3%         N/A       19%         3
 Metabolic Englaciation   Hex/Ice        7%         N/A       41%         5
 Anguish                  Hex/Necr       1%         N/A       50%         4
 Flame Wave               Conj/Fire      3%         2d4       50%         4
 Freezing Cloud           Conj/Ice/Air   5%         6-21      54%         5
 Fireball                 Conj/Fire      1%         3d3       83%         5
 Lightning Bolt           Conj/Air       1%         1d12      83%         5
 Simulacrum               Ice/Necr       7%         N/A       91%         6
 Starburst                Conj/Fire      1%         6d3       100%        6
 Enfeeble                 Hex            1%         N/A       100%        7
 Ignition                 Fire           1%         3d3       100%        8
 Maxwell's Capacitive Co  Air            1%         ∞         100%        8


Dungeon Overview and Level Annotations

Branches:
Dungeon (8/15)             Temple (1/1) D:7            Lair (1/6) D:8

Altars:
Ashenzari
Cheibriados
Dithmenos
Elyvilon
Fedhas
Gozag
Kikubaaqudgha
Makhleb
Nemelex Xobeh
Okawaru
Qazlal
Ru
Sif Muna
Trog
Uskayaw
Vehumet
Wu Jian
Xom
Yredelemnul
Zin

Shops:
D:2 (   D:6 !   D:7 ?

Annotations:
D:7 2 transporters, fly's ghost, novice DjTm
Lair:1 exclusion: oklob plant


Innate Abilities, Weirdness & Mutations

You are a creature of crystalline ice.
You have a powerful freezing melee attack.
You are amphibious.
Your maximum health is increased.
Your armour is entirely melded.
You are incapable of wielding weapons or throwing items.
((You can breathe bolts of dispelling energy.))
((Your rich purple scales are hard. (AC +7)))
You cannot fit into any form of body armour.
((You are cold-blooded and may be slowed by cold attacks.))


Message History

You hit the oklob plant but do no damage.
The oklob plant spits acid at you. The splash of acid hits you!!
The acid corrodes you!
You hit the oklob plant. You freeze the oklob plant.
The oklob plant is lightly damaged.
The oklob plant spits acid at you. The splash of acid misses you.
You hit the oklob plant but do no damage.
The oklob plant is lightly damaged.
The oklob plant spits acid at you. The splash of acid hits you!!
The acid corrodes you!
You punch the oklob plant! You freeze the oklob plant.
The oklob plant is moderately damaged.
The oklob plant spits acid at you. The splash of acid hits you!!
The acid corrodes you!
You punch the oklob plant! You freeze the oklob plant.
The oklob plant is heavily damaged.
The oklob plant spits acid at you. The splash of acid hits you!
* * * LOW HITPOINT WARNING * * *
The acid corrodes you!
You hit the oklob plant but do no damage.
The oklob plant is heavily damaged.
You punch the oklob plant! You freeze the oklob plant.
The oklob plant is severely damaged.
You hit the oklob plant but do no damage.
The oklob plant is severely damaged.
The oklob plant spits acid at you. The splash of acid hits you!!
Elyvilon protects you from harm!
You completely miss the oklob plant.
The oklob plant is severely damaged.
The oklob plant spits acid at you. The splash of acid hits you!!
* * * LOW HITPOINT WARNING * * *
You hit the oklob plant but do no damage.
The oklob plant is severely damaged.
The oklob plant spits acid at you. The splash of acid hits you!!
You die...

######## ......
....# #...# #
#...### # ##...#.#
## #......# #.
#...P.# #### #...Y.#
##... ##....###
####...# #.....#.#
#....### #.#.....#
### #P[..#.. #
#.....# #.####(.....
##....# ##..........
#.....# #...#.#....
##....####...###....
##...##....## ##.#.


You could see an oklob plant.

Vanquished Creatures
  Fannar (Lair:1)
  2 hydras (Lair:1)
  2 cane toads (Lair:1)
  Maggie (D:8)
  Psyche (D:8)
  A komodo dragon (Lair:1)
  A hornet (D:7)
  7 blink frogs (Lair:1)
  11 yaks (Lair:1)
  Menkaure (D:6)
  4 water moccasins
  An orc warrior (D:8)
  2 ice beasts
  2 sky beasts
  A black bear (D:5)
  3 ogres
  A centaur (D:7)
  2 kobold brigands (D:6)
  4 bullfrogs
  A gnoll sergeant (D:8)
  Blork the orc (D:4)
  A necrophage (D:7)
  19 wights
  3 killer bees (D:8)
  A howler monkey (D:7)
  3 jellies
  5 orc priests
  3 hounds (D:6)
  An iguana (D:5)
  2 orc wizards
  A mummy (D:8)
  10 gnolls
  8 adders
  A shadow imp (D:8)
  5 white imps
  An ufetubus (D:4)
  2 worms (D:2)
  2 dart slugs
  25 orcs
  4 bats
  2 bat zombies (D:4)
  4 endoplasms
  4 giant cockroaches
  4 goblins (D:1)
  11 hobgoblins
  A jackal (D:1)
  15 kobolds
  3 quokkas
  3 ball pythons
  2 frilled lizards (D:2)
  3 rats
199 creatures vanquished.

Vanquished Creatures (others)
  3 fungi (Lair:1)
  43 plants
46 creatures vanquished.

Grand Total: 245 creatures vanquished

Notes
Turn   | Place    | Note
-------+----------+-------------------------------------------
     0 | D:1      | Essalna the Draconian Transmuter began the quest for the
                  | Orb.
     0 | D:1      | Reached XP level 1. HP: 16/16 MP: 3/3
   355 | D:1      | Reached XP level 2. HP: 22/23 MP: 5/5
  1066 | D:1      | Reached XP level 3. HP: 29/29 MP: 6/6
  1070 | D:1      | Learned a level 3 spell: Spider Form
  1206 | D:1      | Found a faded altar of an unknown god.
  1443 | D:2      | Found Vuaf's Weapon Emporium.
  1594 | D:2      | Found a blossoming altar of Fedhas.
  1905 | D:2      | Reached XP level 4. HP: 36/36 MP: 7/7
  2088 | D:3      | Reached skill level 1 in Poison Magic
  2319 | D:3      | Found an ornate altar of the Wu Jian Council.
  2759 | D:4      | Found an ancient bone altar of Kikubaaqudgha.
  2785 | D:4      | Noticed Blork the orc
  2902 | D:4      | Killed Blork the orc
  2903 | D:4      | Reached XP level 5. HP: 27/42 MP: 8/8
  3118 | D:4      | Found an iron altar of Okawaru.
  3120 | D:4      | Found a shadowy altar of Dithmenos.
  3397 | D:4      | Noticed an ogre
  3410 | D:4      | Killed an ogre
  3411 | D:4      | Reached XP level 6. HP: 23/51 MP: 6/9
  3760 | D:5      | Entered Level 5 of the Dungeon
  3876 | D:5      | Noticed an ice beast
  3884 | D:5      | Killed an ice beast
  3885 | D:5      | Your scales start taking on a rich purple colour.
  3885 | D:5      | Reached XP level 7. HP: 57/57 MP: 9/12
  4065 | D:5      | Learned a level 4 spell: Ice Form
  4278 | D:5      | Found a shimmering altar of Xom.
  4794 | D:5      | Reached skill level 1 in Ice Magic
  5061 | D:6      | Noticed Menkaure
  5069 | D:6      | Killed Menkaure
  5070 | D:6      | Reached skill level 5 in Unarmed Combat
  5070 | D:6      | Reached XP level 8. HP: 25/66 MP: 14/14
  5903 | D:6      | Learned a level 3 spell: Ozocubu's Armour
  6107 | D:6      | Reached skill level 5 in Transmutations
  6218 | D:6      | Found Yfiuq's Distillery.
  6232 | D:6      | Reached skill level 5 in Fighting
  6327 | D:6      | Found a shimmering blue altar of Sif Muna.
  6592 | D:7      | Found a transporter.
  6596 | D:7      | Noticed fly's ghost (novice DjTm)
  6598 | D:7      | Noticed a moth of wrath
  6611 | D:7      | Found a transporter.
  7084 | D:7      | Reached XP level 9. HP: 74/74 MP: 11/15
  7765 | D:7      | Found a staircase to the Ecumenical Temple.
  7774 | Temple   | Entered the Ecumenical Temple
  7840 | Temple   | Became a worshipper of Elyvilon the Healer
  8170 | D:7      | Reached skill level 5 in Dodging
  8320 | D:7      | Found Rijiro's Magic Scroll Shoppe.
  8712 | D:8      | Noticed Maggie
  8714 | D:8      | Noticed Psyche
  8722 | D:8      | Killed Maggie
  8723 | D:8      | Reached skill level 5 in Poison Magic
  8955 | D:8      | Killed Psyche
  9532 | D:8      | Found a staircase to the Lair.
  9867 | D:8      | Reached XP level 10. HP: 57/84 MP: 13/16
 10622 | D:8      | Found a snail-covered altar of Cheibriados.
 10819 | D:8      | Found a sparkling altar of Nemelex Xobeh.
 10909 | Lair:1   | Entered Level 1 of the Lair of Beasts
 10952 | Lair:1   | Reached * piety under Elyvilon
 10964 | Lair:1   | Noticed a cane toad
 10990 | Lair:1   | Killed a cane toad
 10997 | Lair:1   | Reached skill level 5 in Ice Magic
 11162 | Lair:1   | Noticed a four-headed hydra
 11169 | Lair:1   | Killed a four-headed hydra
 11525 | Lair:1   | Noticed Fannar
 11537 | Lair:1   | Killed Fannar
 11538 | Lair:1   | Reached XP level 11. HP: 88/93 MP: 5/17
 11620 | Lair:1   | Noticed an oklob plant
 12024 | Lair:1   | Noticed a six-headed hydra
 12035 | Lair:1   | Killed a six-headed hydra
 12538 | Lair:1   | Elyvilon protects you from harm!
 12540 | Lair:1   | Killed from afar by an oklob plant

Illustrated notes

Levels and vault maps discovered:
D:1:      tarquinn_simple_flora_water_f, layout_basic,
          shapermc_ecumenical_altar_petra, minmay_pentomino_p2
D:2:      layout_basic, basic_altar, serial_shops, nicolae_diamond_shop,
          serial_aquarium, aquarium_bridge_square [aquarium_subvault_bridge,
          aquarium_subvault_window, aquarium_subvault_bridge,
          aquarium_subvault_balcony], aquarium_window_1, aquarium_window_fake,
          aquarium_window_2, aquarium_window_corridor_2, aquarium_view_2b,
          aquarium_pool_2
D:3:      layout_basic, nicolae_wu_jian_wuxing_cycle
D:4:      layout_gridville, lemuel_zombie_altar_kikubaaqudgha,
          chequers_temple_overflow_statue_of_worship, serial_park_tiny_pond,
          uniq_blork_the_orc
D:5:      layout_loops_cross, lemuel_coloured_pillars_altar
D:6:      layout_rooms, nicolae_sif_muna_condensation, serial_shops, shop,
          uniq_menkaure
D:7:      layout_layer_cave, minmay_temple_entry_waves,
          gammafunk_ghost_berserking_beasts, kennysheep_small_circle
D:8:      layout_rooms, slow_altar_2, mainiacjoe_overflow_alcove_4,
          lair_entry_dummy, minmay_misc_feat_rugged, hangedman_decor_slide_cut,
          uniq_psyche, uniq_maggie
Temple:   nicolae_temple_x_marks_the_god
Lair:1:   minmay_lair_oklob_tunnel, layout_misc_corridors, uniq_fannar

Skill      XL: |  1  2  3  4  5  6  7  8  9 10 11 |
---------------+----------------------------------+-----
Dodging        | 2 3 4 5 6 |  6.9
Fighting       | 2 3 4 5 6 7 8 |  8.2
Poison Magic   | 1 2 3 4 5 6 7 |  7.0
Transmutations | 3 4 5 6 7 |  7.7
Unarmed Combat | 4 5 6 7 8 |  8.1
Spellcasting   | 3 4 |  4.0
Ice Magic      | 1 3 4 6 |  6.5

Action                   |  1- 3 |  4- 6 |  7- 9 | 10-12 || total
-------------------------+-------+-------+-------+-------++-------
Melee: Unarmed           |   104 |   153 |   425 |   180 ||   862
       Tailslap          |     8 |    17 |    20 |       ||    45
       Kick              |    19 |    30 |    49 |       ||    98
       Headbutt          |     6 |    15 |    39 |       ||    60
       Punch             |     2 |     2 |     8 |       ||    12
 Cast: Beastly Appendage |    33 |    23 |    17 |       ||    73
       Spider Form       |       |     2 |    16 |       ||    18
       Ice Form          |       |       |    11 |    20 ||    31
       Ozocubu's Armour  |       |       |     2 |     4 ||     6
 Abil: Breathe Dispellin |       |       |     5 |       ||     5
  Use: Scroll            |       |       |     5 |       ||     5
       Potion            |       |       |     3 |       ||     3
Armor: Skin              |    27 |    33 |    55 |    40 ||   155
Dodge: Dodged            |    73 |   113 |   449 |   106 ||   741

Table legend: (Time is in decaauts)
 A = Elapsed time spent in this place.
 B = Non-inter-level travel time spent in this place.
 C = Inter-level travel time spent in this place.
 D = Time resting spent in this place.
 E = Time spent auto-exploring this place.
 F = Levels seen in this place.
 G = Mean time per level.
                   A        B        C        D        E       F      G
               +--------+--------+--------+--------+--------+-----+--------+
         Total |  12461 |  12154 |    307 |    814 |   9403 |  10 | 1246.1 |
       Dungeon |  10773 |  10486 |    287 |    814 |   8016 |   8 | 1346.6 |
        Temple |     76 |     56 |     20 |      0 |     49 |   1 |   76.0 |
          Lair |   1611 |   1611 |      0 |      0 |   1338 |   1 | 1611.0 |
               +--------+--------+--------+--------+--------+-----+--------+

Top non-repeatable levels by time:
     D:7: 2982 daAuts
  Lair:1: 1611 daAuts
     D:8: 1391 daAuts
     D:6: 1365 daAuts
     D:5: 1290 daAuts
     D:1: 1257 daAuts
     D:4: 1108 daAuts
     D:3: 701 daAuts
     D:2: 675 daAuts
  Temple: 76 daAuts
